 Dungeon Crawl Stone Soup version 0.30.0-12-gd5a94ecb5d (webtiles) character file.

Game seed: 5441979344620459192

11215 MacCMillion the Skirmisher (level 11, -1/58 HPs)
             Began as a Spriggan Hunter on May 17, 2023.
             Was a High Priest of Okawaru.
             Slain by a komodo dragon (30 damage)
             ... on level 9 of the Dungeon.
             The game lasted 00:17:58 (13497 turns).

MacCMillion the Skirmisher (Spriggan Hunter)       Turns: 13497, Time: 00:17:59

Health: -1/58      AC:  3    Str:  7    XL:     11   Next: 46%
Magic:  12/12      EV: 28    Int: 12    God:    Okawaru [*****.]
Gold:   165        SH:  0    Dex: 24    Spells: 10/10 levels left

rFire   + . .        a - +1 shortbow (flame)
rCold   + + .        (shield currently unavailable)
rNeg    . . .        c - +0 robe
rPois   .            (helmet restricted)
rElec   +            F - +0 cloak
rCorr   +            (gloves unavailable)
SInv    +            (boots unavailable)
Will    +....        J - amulet of the Princeling {rElec rF+ Regen+}
Stlth   ++++         p - ring "Buag" {rElec rC++ rCorr Int-4 Stlth+}
HPRegen 1.09/turn    O - +6 ring of intelligence
MPRegen 0.13/turn

%: no passive effects
@: very quick
A: very small, no large weapons, unfitting armour, see invisible, speed 3
a: Renounce Religion, Heroism, Finesse, Duel


You were on level 9 of the Dungeon.
You worshipped Okawaru.
Okawaru was extremely pleased with you.
You visited 2 branches of the dungeon, and saw 12 of its levels.
You also visited: Ossuary.

You collected 777 gold pieces.
You spent 612 gold pieces at shops.

Inventory:

Hand Weapons
 a - a +1 shortbow of flaming (weapon)
 r - a +2 sling of draining
Missiles
 B - 5 throwing nets
Armour
 c - a +0 robe (worn)
 F - a +0 cloak (worn)
Jewellery
 p - the ring "Buag" (left hand) {rElec rC++ rCorr Int-4 Stlth+}
   (You found it on level 3 of the Dungeon)

   [ring of resist corrosion]

   Int:       It affects your intelligence (-4).
   rC:        It greatly protects you from cold.
   rElec:     It insulates you from electricity.
   rCorr:     It protects you from acid and corrosion.
   Stlth:     It makes you more stealthy.
 E - an amulet of guardian spirit
 J - the amulet of the Princeling (around neck) {rElec rF+ Regen+}
   (You bought it in a shop on level 1 of the Dungeon)

   [amulet of regeneration]

   rF:        It protects you from fire.
   rElec:     It insulates you from electricity.
   Regen:     It increases your rate of health regeneration.
 M - a ring of wizardry
 N - an amulet of regeneration
 O - a +6 ring of intelligence (right hand)
Wands
 o - a wand of acid (11)
 t - a wand of digging (7)
 C - a wand of polymorph (4)
 P - a wand of flame (5)
Scrolls
 b - 2 scrolls of immolation
 f - 3 scrolls of teleportation
 k - a scroll of fog
 l - a scroll of brand weapon
 n - a scroll of poison
 q - a scroll of summoning {unknown}
 s - 4 scrolls of magic mapping
 u - 2 scrolls of vulnerability
 v - a scroll of enchant weapon
 y - 3 scrolls of fear {unknown}
 z - 3 scrolls of noise
 G - 2 scrolls of torment {unknown}
 L - a scroll of blinking {unknown}
Potions
 d - 8 potions of curing
 e - 5 potions of heal wounds
 g - a potion of resistance {unknown}
 h - a potion of haste {unknown}
 i - a potion of lignification {unknown}
 m - 4 potions of brilliance
 w - a potion of magic {unknown}
 x - 5 potions of degeneration
 A - a potion of cancellation {unknown}
 D - a potion of flight {unknown}
 H - a potion of might {unknown}
 I - a potion of ambrosia {unknown}
 K - a potion of mutation {unknown}


   Skills:
 + Level 6.8 Fighting
 * Level 14.7 Ranged Weapons
 + Level 10.6 Dodging
 - Level 4.0 Stealth


You had 10 spell levels left.
You didn't know any spells.
Your spell library contained the following spells:

 Spells                   Type           Power      Damage    Failure   Level
 Magic Dart               Conj           0%         1d3       32%         1
 Shock                    Conj/Air       0%         1d3       32%         1
 Blink                    Tloc           0%         N/A       45%         2
 Lesser Beckoning         Tloc           0%         N/A       45%         2
 Momentum Strike          Conj/Tloc      0%         3d8       45%         2
 Searing Ray              Conj           0%         2d4       45%         2
 Frozen Ramparts          Ice            0%         1d1       69%         3
 Inner Flame              Hex/Fire       0%         N/A       69%         3
 Swiftness                Air            0%         N/A       69%         3
 Airstrike                Air            0%         2d(0-16)  97%         4
 Fulminant Prism          Conj/Hex       0%         3d5       97%         4
 Ice Form                 Ice/Tmut       0%         N/A       97%         4
 Leda's Liquefaction      Hex/Erth       0%         N/A       97%         4
 Lee's Rapid Deconstruct  Erth           0%         3d4*      100%        5
 Yara's Violent Unravell  Hex/Tmut       0%         3d3       100%        5
 Statue Form              Tmut/Erth      0%         N/A       100%        6
 Enfeeble                 Hex            0%         N/A       100%        7
 Summon Ice Beast         Ice/Summ       Unusable   N/A       N/A         4

Dungeon Overview and Level Annotations

Branches:
Dungeon (11/15)            Temple (0/1) D:7            Lair (1/5) D:9
Ossuary (visited)
    Orc: D:9-12

Altars:
Ashenzari
Gozag
Makhleb
Okawaru
Xom
The Shining One

Shops:
D:1 =

Annotations:
D:11 Grum


Innate Abilities, Weirdness & Mutations

You are very small and have problems with some larger weapons.
You are too small for most types of armour.
You have supernaturally acute eyesight. (SInv)
You cover ground extremely quickly. (Speed+++)


Message History

You kill the yak!
Okawaru accepts your kill.
You shoot an arrow. The arrow hits the yak!
The arrow burns the yak.
The yak is moderately wounded.
You shoot an arrow. The arrow hits the yak!
The arrow burns the yak.
The yak is heavily wounded.
A basilisk comes into view.
A yak comes into view.
You shoot an arrow. The basilisk hisses angrily.
The yak bellows!
The arrow hits the yak.
The arrow burns the yak.
The yak is heavily wounded.
The yak misses you.
You shoot an arrow. The arrow hits the yak!
The arrow burns the yak.
The yak is almost dead.
You feel your willpower return. The bullfrog completely misses you.
The yak completely misses you.
You shoot an arrow. The arrow hits the yak!
The arrow burns the yak.
You kill the yak!
Okawaru accepts your kill. The bullfrog barely misses you.
You shoot an arrow. The arrow hits the yak.
The arrow burns the yak.
The yak is lightly wounded.
The bullfrog closely misses you. The yak gores you!
A yak comes into view.
The yak bellows!
The bullfrog completely misses you.
The komodo dragon completely misses you.
The yak gores you! The yak closely misses you.
The bullfrog completely misses you.
You climb upwards.
Welcome back to the Dungeon!
There is a staircase to the Lair here.
You shoot an arrow. The arrow hits the bullfrog!
The arrow burns the bullfrog.
The bullfrog is heavily wounded.
The yak completely misses you. The bullfrog misses you.
The yak completely misses you. The komodo dragon closely misses you.
You shoot an arrow. The arrow barely misses the bullfrog.
The bullfrog completely misses you. The yak misses you. The yak gores you.
The komodo dragon bites you!!
Ouch! That really hurt!
You die...

#..# #........####..#
#..######..####........#
#########...........###........#
#...........#######......####..#
#..........#...≈...#..#..# #..#
#######.#....#...#....#..# #...
#.....##PPP##......# #...
##..#...FPPP..#....####.)#
#..#≈.PY@P..≈#..........#
##.#..PlPYP..#..........#
#...##P..##......####..#
#....#...#.......# #...
#########..#...≈...#.....# #...
#...........#######......# #..#
#........................# #..#
#########................# #..#
#..#####..#####..# #..#


You could see a komodo dragon, 2 yaks and a bullfrog.

Vanquished Creatures
  2 two-headed ogres
  Pikel (D:5)
  Psyche (D:8)
  3 trolls (D:10)
  Grinder (D:5)
  A hornet (D:8)
  A shadow (D:10)
  12 yaks
  4 wyverns
  Eustachio (D:5)
  A steam dragon (D:8)
  4 water moccasins
  An acid dragon (D:10)
  2 ice beasts
  5 orc warriors
  A sky beast (D:8)
  3 black bears
  3 ogres
  A wolf (D:10)
  2 centaurs
  A phantom (D:4)
  3 kobold brigands
  An elf zombie (Ossuary)
  3 bullfrogs
  A scorpion (D:6)
  23 wights
  10 killer bees
  An electric eel (D:10)
  A gnoll bouda (D:9)
  3 hounds
  4 jellies
  A human zombie (Ossuary)
  4 orc priests
  Natasha (thrice) (D:3)
  A sleepcap (D:6)
  10 orc wizards
  Ijyb (D:3)
  4 iguanas
  4 mummies (Ossuary)
  12 gnolls
  5 adders
  A shadow imp (D:5)
  2 white imps (D:8)
  A worm (D:3)
  4 dart slugs
  40 orcs
  12 ball pythons
  13 endoplasms
  4 giant cockroaches
  3 gnoll zombies (Ossuary)
  8 goblins
  7 hobgoblins
  7 jackals
  22 kobolds
  3 quokkas
  9 bats
  2 frilled lizards (D:1)
  3 goblin zombies
  2 hobgoblin zombies (Ossuary)
  2 kobold zombies (Ossuary)
  3 rats
294 creatures vanquished.

Notes
Turn   | Place    | Note
-------+----------+-------------------------------------------
     0 | D:1      | MacCMillion the Spriggan Hunter began the quest for the
                  | Orb.
     0 | D:1      | Reached XP level 1. HP: 10/10 MP: 2/2
    73 | D:1      | Reached XP level 2. HP: 14/14 MP: 3/3
   622 | D:1      | Reached XP level 3. HP: 18/18 MP: 4/4
   729 | D:1      | Found Kyide's Jewellery Emporium.
  1525 | D:2      | Reached skill level 5 in Ranged Weapons
  1525 | D:2      | Reached XP level 4. HP: 17/22 MP: 5/5
  1723 | D:3      | Noticed Ijyb
  1741 | D:3      | Killed Ijyb
  1742 | D:3      | Reached skill level 6 in Ranged Weapons
  1742 | D:3      | Reached XP level 5. HP: 25/25 MP: 6/6
  1824 | D:3      | Identified the ring "Buag" {rElec rC++ rCorr Int-4 Stlth+}
  2169 | D:3      | Noticed Natasha
  2175 | D:3      | Killed Natasha
  2634 | D:3      | Noticed Natasha
  2640 | D:3      | Killed Natasha
  2641 | D:3      | Reached XP level 6. HP: 30/30 MP: 7/7
  3290 | D:3      | Noticed Natasha
  3294 | D:3      | Killed Natasha
  3295 | D:3      | Reached skill level 7 in Ranged Weapons
  3484 | D:4      | Found a sand-covered staircase.
  3493 | Ossuary  | Entered an ossuary
  3621 | Ossuary  | Reached skill level 8 in Ranged Weapons
  3657 | Ossuary  | Reached XP level 7. HP: 30/33 MP: 8/8
  4565 | D:4      | Reached skill level 9 in Ranged Weapons
  5107 | D:5      | Entered Level 5 of the Dungeon
  5344 | D:5      | Reached XP level 8. HP: 37/37 MP: 9/9
  5349 | D:5      | Found a burning altar of Makhleb.
  5391 | D:5      | Found a glowing golden altar of the Shining One.
  5481 | D:5      | Found an opulent altar of Gozag.
  5483 | D:5      | Noticed Grinder
  5495 | D:5      | Killed Grinder
  5496 | D:5      | Reached skill level 10 in Ranged Weapons
  5935 | D:5      | Noticed Eustachio
  6179 | D:5      | Killed Eustachio
  6486 | D:5      | Found a shimmering altar of Xom.
  6683 | D:6      | Reached skill level 11 in Ranged Weapons
  6683 | D:6      | Reached skill level 5 in Dodging
  7019 | D:6      | Reached XP level 9. HP: 40/44 MP: 10/10
  7290 | D:6      | Found a large runed translucent door.
  7290 | D:6      | Found a large runed translucent door.
  7414 | D:6      | Noticed Pikel
  7472 | D:5      | Killed Pikel
  8223 | D:6      | Found a broken altar of Ashenzari.
  8284 | D:6      | Found an iron altar of Okawaru.
  8287 | D:6      | Became a worshipper of Warmaster Okawaru
  8420 | D:7      | Reached skill level 12 in Ranged Weapons
  8505 | D:7      | Found a staircase to the Ecumenical Temple.
  8634 | D:7      | Reached * piety under Okawaru
  9652 | D:8      | Reached XP level 10. HP: 38/51 MP: 11/11
 10204 | D:1      | Bought the amulet of the Princeling {rElec rF+ Regen+} for
                  | 612 gold pieces
 10398 | D:8      | Reached skill level 5 in Fighting
 10436 | D:8      | Reached ** piety under Okawaru
 10500 | D:8      | Noticed Psyche
 10527 | D:8      | Killed Psyche
 10528 | D:8      | Reached skill level 13 in Ranged Weapons
 11269 | D:9      | Reached *** piety under Okawaru
 11573 | D:9      | Found a staircase to the Lair.
 11759 | D:9      | Noticed a two-headed ogre
 11779 | D:9      | Killed a two-headed ogre
 12040 | D:10     | Entered Level 10 of the Dungeon
 12170 | D:10     | Reached **** piety under Okawaru
 12175 | D:10     | Reached skill level 14 in Ranged Weapons
 12175 | D:10     | Reached XP level 11. HP: 46/56 MP: 12/12
 12493 | D:10     | Noticed a two-headed ogre
 12512 | D:10     | Killed a two-headed ogre
 12513 | D:10     | Reached skill level 10 in Dodging
 12624 | D:10     | Reached ***** piety under Okawaru
 12676 | D:10     | Identified the scarf "Otun" {shadows, rN++ rCorr Slay-3}
                  | (Okawaru gifted it to you on level 10 of the Dungeon)
 12676 | D:10     | Received a gift from Okawaru
 13204 | D:11     | Noticed a two-headed ogre
 13209 | D:11     | Noticed Grum
 13482 | Lair:1   | Entered Level 1 of the Lair of Beasts
 13497 | D:9      | Slain by a komodo dragon

Illustrated notes

Levels and vault maps discovered:
D:1:      dpeg_arrival_long_road, layout_basic, serial_shops,
          nicolae_shop_gaudy_bauble, kennysheep_pointless_box
D:2:      layout_loops_cross
D:3:      layout_loops_ring, minmay_box_of_dots, uniq_ijyb, uniq_natasha
D:4:      layout_gridville, enter_ossuary_3, minmay_liquid_box
D:5:      layout_loops_corners, old_standard_altar,
          mainiacjoe_overflow_concentric_impassable, kennysheep_mini,
          mainiacjoe_overflow_paths, uniq_eustachio, uniq_grinder
D:6:      layout_layer_cave, jmf_multi_god_temple2, st_stairs_7, uniq_pikel
D:7:      layout_basic, minmay_temple_entry_arrows
D:8:      layout_rooms, uniq_psyche
D:9:      layout_small_grid, dpeg_oklobed_lair
D:10:     layout_loops_cross, amcnicky_mini_pool_medium
D:11:     layout_rooms, uniq_grum
Lair:1:   layout_chaotic_city, basic_altar, gammafunk_ghost_grave

Skill      XL: |  1  2  3  4  5  6  7  8  9 10 11 |
---------------+----------------------------------+-----
Stealth        | 2 3 4 |  4.0
Ranged Weapons | 5 6 8 9 11 12 14 | 14.7
Fighting       | 3 4 6 |  6.8
Dodging        | 5 7 9 10 | 10.6

Action                     |  1- 3 |  4- 6 |  7- 9 | 10-12 || total
---------------------------+-------+-------+-------+-------++-------
   Fire: Shortbow          |    97 |    44 |       |    13 ||   154
         Sling             |       |   137 |   460 |   516 ||  1113
    Use: Scroll            |       |       |       |    12 ||    12
 Armour: Robe              |     1 |     4 |    12 |     9 ||    26
  Dodge: Dodged            |    30 |    33 |   110 |   272 ||   445
